 Dungeon Crawl Stone Soup version 0.27.0-1-g7a089689b8 (webtiles) character file.

Game seed: 16082751021549341400

189 rvierbuc the Magician (level 5, -6/35 HPs)
             Began as a Demonspawn Hedge Wizard on Aug 4, 2021.
             Shot with an arrow by a centaur (13 damage)
             ... on level 4 of the Dungeon.
             The game lasted 00:41:51 (2925 turns).

rvierbuc the Magician (Demonspawn Hedge Wizard)     Turns: 2925, Time: 00:41:51

Health: -6/35      AC:  5    Str: 10    XL:     5   Next: 40%
Magic:  18/20      EV: 13    Int: 17    God:
Gold:   191        SH:  0    Dex: 18    Spells: 10/13 levels left

rFire    . . .     SeeInvis .   k - +2 broad axe (vorpal)
rCold    . . .     Faith    .   (no shield)
rNeg     . . .     Spirit   .   b - +0 robe
rPois    .         Reflect  .   c - +0 hat
rElec    .         Harm     .   (no cloak)
rCorr    .         Rampage  .   (no gloves)
Will     .....                  (no boots)
Stlth    ++........             (no amulet)
HPRegen  0.11/turn              e - +6 ring of dexterity
MPRegen  0.17/turn              m - ring of magical power

@: no status effects
A: yellow scales 2, foul stench 1
a: no special abilities


You were on level 4 of the Dungeon.
You visited 1 branch of the dungeon, and saw 4 of its levels.

You collected 191 gold pieces.

Inventory:

Hand Weapons
 a - a +0 dagger
 k - a +2 vorpal broad axe (weapon)
 o - a +1 vorpal flail
Armour
 b - a +0 robe (worn)
 c - a +0 hat (worn)
 l - a +0 buckler
Jewellery
 e - a +6 ring of dexterity (left hand)
 m - a ring of magical power (right hand)
Wands
 q - a wand of digging (5)
Scrolls
 f - a scroll of teleportation {unknown}
 g - 2 scrolls of amnesia {unknown}
 p - a scroll of fear {unknown}
Potions
 d - 2 potions of flight
 h - 2 potions of ambrosia
 i - 3 potions of curing
 j - a potion of attraction
 n - a potion of degeneration {unknown}


   Skills:
 + Level 0.2 Fighting
 + Level 0.6 Short Blades
 + Level 0.7 Axes
 + Level 2.4 Dodging
 + Level 2.2 Stealth
 + Level 4.5 Spellcasting
 + Level 2.2 Conjurations
 + Level 1.4 Summonings
 + Level 0.8 Translocations


You had 10 spell levels left.
You knew the following spells:

 Your Spells              Type           Power      Damage    Failure   Level
a - Magic Dart            Conj           44%        1d5       6%          1
b - Call Imp              Summ           8%         N/A       13%         2

Your spell library contained the following spells:

 Spells                   Type           Power      Damage    Failure   Level
 Blink                    Tloc           N/A        N/A       16%         2
 Corpse Rot               Necr/Air       N/A        N/A       22%         2
 Poisonous Vapours        Pois/Air       6%         N/A       22%         2
 Slow                     Hex            3%         N/A       22%         2
 Conjure Flame            Conj/Fire      7%         6-21      28%         3
 Mephitic Cloud           Conj/Pois/Air  6%         N/A       32%         3
 Freezing Cloud           Conj/Ice/Air   3%         6-21      97%         5


Dungeon Overview and Level Annotations

Branches:
Dungeon (4/15)
 Temple: D:4-7

Altars:
Elyvilon
Xom


Innate Abilities, Weirdness & Mutations

You are mostly covered in yellow scales. (AC +3)
You may rarely emit foul miasma when damaged in melee.


Message History

You see here a hound corpse.
Found a potion of curing.
An adder comes into view.
Found 12 gold pieces.
You see here a potion of curing.
i - 3 potions of curing (gained 1)
Casting: Magic Dart (safe; 6% risk of failure)
Confirm with . or Enter, or press ? or * to list all spells.
Aiming: Magic Dart (safe; 6% risk of failure)
Press: ? - help, Shift-Dir - straight line, f - adder
Aim: an adder (100% to hit)
The magic dart hits the adder.
The adder is moderately wounded.
You closely miss the adder.
The adder is moderately wounded.
The adder bites you but does no damage. The adder misses you.
You miss the adder.
The adder is moderately wounded.
The adder bites you.
You emit a cloud of foul miasma!
The adder is engulfed in dark miasma.
The adder is poisoned.
You kill the adder!
You now have 185 gold pieces (gained 12).
Found 6 gold pieces.
You now have 191 gold pieces (gained 6).
A centaur comes into view.
The centaur shouts!
The centaur wields a +0 shortbow.
The centaur shoots an arrow.
The arrow hits you!
The centaur shoots an arrow.
The arrow hits you but does no damage.
Found a stone staircase leading up.
The centaur shoots an arrow.
The arrow hits you!
Casting: Magic Dart (safe; 6% risk of failure)
Confirm with . or Enter, or press ? or * to list all spells.
A beastly little devil appears in a puff of flame.
The centaur shoots an arrow.
The arrow hits you!
* * * LOW HITPOINT WARNING * * *
The centaur shoots an arrow.
The arrow hits you.
* * * LOW HITPOINT WARNING * * *
The centaur shoots an arrow.
The arrow hits you!
You die...

.....##......######.....†.......#
......#......#< #...............
.._...#(.....#.###.......[.......
......########..##...>...........
.....## #.c##...##.....)....
#...##.## #5..#..##...........
##### ..## #..####............
..# ..######...##............#
..# ##...#.. ##@.#............##
..####..#.#.# #..........#.####
.†.....##.#.# ##.....#...#.#
..#.......<.####.....##.....#
..#.......##.†#.....##.....##
#############...)....#....##
##....#..##...# #)..##...#...#
#..####..##..#


You could see a centaur (ally target) and a friendly crimson imp (summoned).

Vanquished Creatures
  4 adders
  2 worms
  A dart slug (D:1)
  5 orcs
  8 endoplasms
  3 giant cockroaches
  6 goblins
  5 hobgoblins
  6 jackals
  2 quokkas
  5 ball pythons
  6 bats
  7 frilled lizards
  A kobold (D:1)
  6 rats
67 creatures vanquished.

Vanquished Creatures (collateral kills)
  A scorpion (D:4)
  2 hounds (D:4)
  A worm (D:3)
  2 dart slugs (D:3)
  An orc (D:4)
  2 hobgoblins
9 creatures vanquished.

Grand Total: 76 creatures vanquished

Notes
Turn   | Place    | Note
-------+----------+-------------------------------------------
     0 | D:1      | rvierbuc the Demonspawn Hedge Wizard began the quest for
                  | the Orb.
     0 | D:1      | Reached XP level 1. HP: 13/13 MP: 4/4
   210 | D:1      | Gained mutation: You are partially covered in yellow
                  | scales. (AC +2) [demonic ancestry]
   210 | D:1      | Reached XP level 2. HP: 16/19 MP: 4/6
  1394 | D:2      | Gained mutation: You may rarely emit foul miasma when
                  | damaged in melee. [demonic ancestry]
  1394 | D:2      | Reached XP level 3. HP: 24/24 MP: 5/8
  1574 | D:1      | HP: 1/24 [something (3)]
  1734 | D:2      | Found a faded altar of an unknown god.
  1976 | D:3      | Reached skill level 4 in Spellcasting
  1976 | D:3      | Reached XP level 4. HP: 27/30 MP: 3/10
  1979 | D:3      | Learned a level 2 spell: Call Imp
  2033 | D:3      | Found a shimmering altar of Xom.
  2483 | D:4      | Noticed a scorpion
  2513 | D:4      | Killed a scorpion
  2537 | D:4      | Gained mutation: You are mostly covered in yellow scales.
                  | (AC +3) [demonic ancestry]
  2537 | D:4      | Reached XP level 5. HP: 23/35 MP: 10/11
  2921 | D:4      | Noticed a centaur
  2925 | D:4      | Shot with an arrow by a centaur

Illustrated notes

Levels and vault maps discovered:
D:1:      minmay_arrival_four_loops, layout_basic
D:2:      layout_rooms, hellmonk_ecumenical_altar_prayer_group,
          chequers_serial_rivers_micro_c
D:3:      minmay_wonky_spiral, layout_rooms, old_standard_altar
D:4:      layout_rooms, lemuel_round_altar, lemuel_coloured_pillars_altar,
          grunt_decor_junction, minmay_crossroads

Skill      XL: |  1  2  3  4  5 |
---------------+----------------+-----
Stealth        | 2 |  2.2
Dodging        | 2 |  2.4
Spellcasting   | 4 |  4.5
Conjurations   | 2 |  2.2
Fighting       | |  0.2
Short Blades   | |  0.6
Axes           | |  0.7
Summonings     | |  1.4
Translocations | |  0.8

Action                   |  1- 3 |  4- 6 || total
-------------------------+-------+-------++-------
Melee: Dagger            |    93 |       ||    93
       Broad axe         |     6 |    21 ||    27
 Cast: Magic Dart        |    86 |    29 ||   115
       Call Imp          |       |    13 ||    13
  Use: Scroll            |     4 |     2 ||     6
       Potion            |     1 |       ||     1
 Stab: Sleeping          |     1 |       ||     1
Armor: Robe              |    29 |     6 ||    35
Dodge: Dodged            |    79 |    13 ||    92
